 Dungeon Crawl Stone Soup version 0.29.1-14-g9c671dbff4 (webtiles) character file.

Game seed: 11020855162785526691

5204 leafyfresh the Thaumaturge (level 10, -15/60 HPs)
             Began as a Djinni Ice Elementalist on Feb 18, 2023.
             Killed from afar by an electric eel (18 damage)
             ... with a bolt of electricity
             ... on level 7 of the Dungeon.
             The game lasted 00:23:49 (16766 turns).

leafyfresh the Thaumaturge (DjIE)                  Turns: 16766, Time: 00:23:51

Health: -15/60     AC:  5    Str:  7    XL:     10   Next: 91%
Gold:   683        EV: 31    Int: 20    God:
                   SH:  0    Dex: 15

rFire   + + +      SeeInvis +   T - +5 long sword
rCold   . . .      Faith    .   (no shield)
rNeg    . . .      Spirit   .   U - +1 robe {rC+ rF+}
rPois   ∞          Reflect  .   q - +0 helmet
rElec   .          Harm     .   m - +0 cloak
rCorr   .          Rampage  .   (no gloves)
Will    +....                   (boots unavailable)
Stlth   +++.......              O - amulet of the acrobat
HPRegen 0.20/turn               j - ring of see invisible
MPRegen 0.00/turn               x - +4 ring of slaying

@: acrobatic, flying
A: sickness immunity, fire resistance 2, cold vulnerability 1, float, innate
caster, HP casting, extra vitality 1
a: no special abilities


You were on level 7 of the Dungeon.
You visited 2 branches of the dungeon, and saw 10 of its levels.
You also visited: Sewer.

You collected 683 gold pieces.

Inventory:

Hand Weapons
 d - a +1 scimitar of holy wrath
 p - a +1 dagger of draining
 s - a +1 dagger of venom
 t - a +0 sling
 y - a +1 dagger of speed
 C - a +2 long sword of distortion
 J - a +4 quarterstaff of chaos
 S - a +2 short sword
 T - a +5 long sword (weapon)
Missiles
 k - 46 poisoned darts
 z - 3 curare-tipped darts
 Q - 14 silver boomerangs
Armour
 a - a +0 robe
 m - a +0 cloak (worn)
 q - a +0 helmet (worn)
 K - a +0 cloak
 U - a +1 robe of resistance (worn)
Magical Staves
 N - a staff of fire
Jewellery
 j - a ring of see invisible (left hand)
 x - a +4 ring of slaying (right hand)
 M - a +6 ring of strength
 O - an amulet of the acrobat (around neck)
Wands
 D - a wand of polymorph (6)
 H - a wand of flame (11)
 R - a wand of paralysis (12)
 W - a wand of roots (9)
Scrolls
 b - a scroll of amnesia {unknown}
 c - a scroll of enchant weapon {unknown}
 e - 3 scrolls of immolation {unknown}
 g - 4 scrolls of blinking {unknown}
 l - 6 scrolls of identify {unknown}
 n - 4 scrolls of fear {unknown}
 v - 3 scrolls of brand weapon {unknown}
 w - 9 scrolls of teleportation {unknown}
 B - a scroll of poison {unknown}
 L - 2 scrolls of noise {unknown}
 P - 2 scrolls of torment {unknown}
 V - a scroll of butterflies {unknown}
Potions
 f - 2 potions of resistance {unknown}
 h - 2 potions of attraction {unknown}
 i - a potion of degeneration {unknown}
 o - a potion of berserk rage {unknown}
 r - 3 potions of lignification
 A - 4 potions of mutation {unknown}
 E - 2 potions of haste {unknown}
 F - a potion of heal wounds {unknown}
 G - 2 potions of brilliance {unknown}
 I - a potion of flight {unknown}
Miscellaneous
 u - a tin of tremorstones (2/2)


   Skills:
 - Level 8.4 Dodging
 - Level 7.0 Stealth
 + Level 9.4 Spellcasting


You had 6 spell levels left.
You knew the following spells:

 Your Spells              Type           Power      Damage    Failure   Level
a - Freeze                Ice            100%       1d11      1%          1
b - Frozen Ramparts       Ice            94%        1d15      1%          3
c - Ozocubu's Armour      Ice            47%        N/A       1%          3
d - Hailstorm             Conj/Ice       47%        3d11      1%          4
e - Foxfire               Conj/Fire      100%       2x1d9     1%          1
f - Scorch                Fire           94%        2d10      1%          2
g - Teleport Other        Tloc           47%        N/A       1%          3
h - Summon Lightning Spi  Summ/Air       47%        N/A       1%          4
Your spell library was empty.

Dungeon Overview and Level Annotations

Branches:
Dungeon (9/15)             Temple (1/1) D:5           Sewer (visited)
   Lair: D:8-11         Orc: D:9-12

Altars:
Ashenzari
Cheibriados
Dithmenos
Elyvilon
Gozag
Hepliaklqana
Makhleb
Nemelex Xobeh
Okawaru
Qazlal
Ru
Trog
Uskayaw
Wu Jian
Xom
Yredelemnul
Zin
The Shining One

Shops:
D:7 *!


Innate Abilities, Weirdness & Mutations

You are immune to sickness and miasma.
You are immune to poison.
Your flesh is very heat resistant. (rF++)
You are vulnerable to cold. (rC-)
You float through the air rather than walking.
You learn spells naturally, not from books.
Your magical power is your life essence.
You have superior vitality. (+4 MHP)


Message History

The bolt of electricity hits the electric eel.
The electric eel completely resists.
The bolt of electricity hits you!
You start resting.
HP restored.
You start waiting.
Done waiting.
There are monsters nearby!
There are monsters nearby!
Unknown command.
What are your orders? t - Shout!
Orders for allies: a - Attack new target. r - Retreat! s - Stop attacking. g - Guard the area. f - Follow me.
Anything else - Cancel.
You shout for attention!
The electric eel shoots out a bolt of lightning at you!
The bolt of electricity hits you!
Unknown command.
The electric eel shoots out a bolt of lightning at you!
The bolt of electricity misses you.
The electric eel shoots out a bolt of lightning at you!
The bolt of electricity misses you.
The electric eel shoots out a bolt of lightning at you!
The bolt of electricity hits you!
The electric eel shoots out a bolt of lightning at you!
The bolt of electricity hits you!
The electric eel shoots out a bolt of lightning at you!
The bolt of electricity hits you!
The electric eel shoots out a bolt of lightning at you!
The bolt of electricity misses you.
Unknown command.
The electric eel shoots out a bolt of lightning at you!
The bolt of electricity hits you!
* * * LOW HITPOINT WARNING * * *
The bolt of electricity hits you!
* * * LOW HITPOINT WARNING * * *
The electric eel shoots out a bolt of lightning at you!
The bolt of electricity hits you!!
You die...

###.....[.....#..P~P~~≈≈≈
..'...>######.#..$.~~~≈≈≈
###....# #.#...~~SS~≈≈
#....# #.#..~~~S~~≈≈
###### ##.#...~~~S~~≈ #
#......~~~~~~~ #
#.#...~~~~~~~~ #
#.##..######♣♣ # #.##.@##
# #..##..#### #
##..##....## #
#####..####..###### #
##.. #......#......# #
#.#..#.##.#.######.# #
#..#.#..#.#........# #
#.........##.####### #
####.#.#####.#


You could see 3 electric eels.

Vanquished Creatures
  An unseen horror (D:6)
  A troll (D:9)
  Prince Ribbit (D:5)
  2 steam dragons
  2 water moccasins
  Duvessa (D:6)
  2 ogres (D:6)
  A sky beast (D:7)
  3 orc warriors
  An ice beast (D:8)
  2 centaurs (D:9)
  3 kobold brigands
  2 bullfrogs (Sewer)
  2 necrophages
  2 scorpions
  Dowan (D:6)
  6 howler monkeys
  6 electric eels (D:7)
  A crimson imp (D:9)
  A hound (D:5)
  A jelly (D:5)
  A gnoll bouda (D:4)
  2 orc priests
  Crazy Yiuf (D:5)
  6 iguanas
  Jessica (D:2)
  5 orc wizards
  Natasha (twice) (D:3)
  Robin (D:2)
  3 gnolls (D:4)
  9 adders
  2 river rats (D:3)
  2 shadow imps
  3 white imps
  3 worms (D:3)
  4 dart slugs
  21 orcs
  2 endoplasms
  13 giant cockroaches
  13 goblins
  12 hobgoblins
  4 jackals (D:1)
  6 quokkas
  9 ball pythons
  7 bats
  9 frilled lizards
  27 kobolds
  11 rats
221 creatures vanquished.

Vanquished Creatures (collateral kills)
  A wizard (D:9)
  A shadow (D:9)
  A centaur (D:9)
  A kobold brigand (D:8)
  A necrophage (D:8)
  3 wights (D:7)
  2 howler monkeys (D:7)
  A lava snake (D:8)
  An orc priest (D:7)
  7 orcs
  7 kobolds
26 creatures vanquished.

Vanquished Creatures (others)
  An orc wizard (D:8)
  A white imp (D:7)
  12 foxfires
  57 plants
71 creatures vanquished.

Grand Total: 318 creatures vanquished

Notes
Turn   | Place    | Note
-------+----------+-------------------------------------------
     0 | D:1      | leafyfresh the Djinni Ice Elementalist began the quest for
                  | the Orb.
     0 | D:1      | leafyfresh set off with the following spells memorised:
                  | Freeze, Frozen Ramparts, Ozocubu's Armour, Hailstorm.
     0 | D:1      | Reached XP level 1. HP: 15/15 MP: 0/0
   549 | D:1      | Reached XP level 2. HP: 7/21 MP: 0/0
  1135 | D:1      | Reached XP level 3. HP: 23/25 MP: 0/0
  1135 | D:1      | Learned a level 1 spell: Foxfire
  1444 | D:1      | Found a faded altar of an unknown god.
  2112 | D:2      | Noticed Jessica
  2116 | D:2      | Killed Jessica
  2117 | D:2      | Reached XP level 4. HP: 31/31 MP: 0/0
  2626 | D:2      | Noticed Robin
  2650 | D:2      | Killed Robin
  2651 | D:2      | Reached XP level 5. HP: 9/35 MP: 0/0
  2651 | D:2      | Learned a level 2 spell: Scorch
  3084 | D:3      | Reached skill level 4 in Spellcasting
  3103 | D:3      | Found a glowing drain.
  3112 | Sewer    | Entered a sewer
  3718 | Sewer    | Noticed a bullfrog
  3721 | Sewer    | Noticed a bullfrog
  3726 | Sewer    | Killed a bullfrog
  3727 | Sewer    | Reached XP level 6. HP: 23/40 MP: 0/0
  4254 | D:3      | Found an ornate altar of the Wu Jian Council.
  4301 | D:3      | Noticed Natasha
  4308 | D:3      | Killed Natasha
  4454 | D:3      | Found an iron altar of Okawaru.
  4614 | D:3      | Noticed Natasha
  4618 | D:3      | Killed Natasha
  4619 | D:3      | Reached XP level 7. HP: 40/45 MP: 0/0
  4619 | D:3      | Learned a level 3 spell: Teleport Other
  4705 | D:3      | Found a white marble altar of Elyvilon.
  4737 | D:3      | Found a glowing silver altar of Zin.
  4951 | D:4      | Found a hazy altar of Hepliaklqana.
  4962 | D:4      | Reached skill level 5 in Dodging
  6263 | D:5      | Entered Level 5 of the Dungeon
  6614 | D:5      | Reached XP level 8. HP: 41/50 MP: 0/0
  6839 | D:5      | Reached skill level 5 in Spellcasting
  7016 | D:5      | Found a runed translucent door.
  7017 | D:5      | Noticed Crazy Yiuf
  7050 | D:5      | Reached skill level 5 in Stealth
  7172 | D:5      | Noticed Prince Ribbit
  7180 | D:5      | Killed Prince Ribbit
  7467 | D:5      | Found a staircase to the Ecumenical Temple.
  7652 | Temple   | Entered the Ecumenical Temple
  8128 | D:5      | Killed Crazy Yiuf
  8295 | D:6      | Found a bloodstained altar of Trog.
  8389 | D:6      | Reached XP level 9. HP: 46/55 MP: 0/0
  8389 | D:6      | Learned a level 4 spell: Summon Lightning Spire
  8506 | D:6      | Noticed an unseen horror
  8559 | D:6      | Noticed Dowan
  8721 | D:6      | Noticed Duvessa
  8728 | D:6      | Killed Duvessa
  8731 | D:6      | Killed Dowan
  8981 | D:6      | Found a glowing golden altar of the Shining One.
  9323 | D:6      | Reached skill level 6 in Spellcasting
  9358 | D:6      | Killed an unseen horror
 10828 | D:8      | Found a stormy altar of Qazlal.
 11363 | D:8      | Found a hide-covered altar of Uskayaw.
 11483 | D:9      | Reached XP level 10. HP: 34/60 MP: 0/0
 11654 | D:9      | Reached skill level 7 in Spellcasting
 11967 | D:9      | Found a broken altar of Ashenzari.
 12060 | D:9      | Noticed a wizard
 12068 | D:9      | Killed a wizard
 12069 | D:9      | Reached skill level 8 in Spellcasting
 12147 | D:9      | Found a snail-covered altar of Cheibriados.
 12262 | D:9      | Found a shimmering altar of Xom.
 13859 | D:7      | Reached skill level 9 in Spellcasting
 15446 | D:7      | Found Sacrumep's Distillery.
 15577 | D:7      | Found Qalegila's Mayhem Merchandise.
 16766 | D:7      | HP: 3/60 [electric eel/bolt of electricity (13)]
 16766 | D:7      | Killed from afar by an electric eel

Illustrated notes

Levels and vault maps discovered:
D:1:      zaba_arrival_water, layout_loops_cross,
          hellmonk_ecumenical_altar_prayer_group
D:2:      layout_basic, basic_altar, uniq_jessica, uniq_robin
D:3:      cheibrodos_thug_alley, layout_rooms, overflow_temple_1_default,
          lemuel_tele_altar, lemuel_crystal_altar, kennysheep_okawaru_gauntlet,
          lightli_sewer_entry_pipes, chequers_serial_rivers_micro_a,
          uniq_natasha
D:4:      layout_basic, nicolae_hepliaklqana_hazy_memory,
          nicolae_sif_muna_condensation, nicolae_eternal_life
D:5:      layout_loops_cross, minmay_temple_entry_enclosed_plants,
          hangedman_decor_opposing, uniq_prince_ribbit1, uniq_crazy_yiuf_cottage
D:6:      layout_layer_cave, tso_altar, trog_three_pillars_becter, uniq_duvessa
D:7:      layout_basic, serial_shops, shop, serial_bayou, serial_bayou_pond_c,
          serial_bayou_crossing, serial_bayou_lake_a, serial_bayou_shore_a,
          minmay_shop_mayhem, minmay_misc_feat_five,
          hangedman_abyss_or_decor_passed
D:8:      layout_rooms, nicolae_uskayaw_suspiria,
          mainiacjoe_overflow_surrounded_room, minmay_unpleasant_kobolds
D:9:      layout_rooms, mainiacjoe_overflow_alcove_2, amcnicky_altar_gilded,
          nicolae_ashenzari_panopticon, lightli_wizard_tower
Temple:   hellmonk_temple_forest_ring

Skill      XL: |  1  2  3  4  5  6  7  8  9 10 |
---------------+-------------------------------+-----
Stealth        | 2 3 4 5 7 |  7.0
Dodging        | 3 4 5 7 8 |  8.4
Spellcasting   | 4 5 6 9 |  9.4

Action                   |  1- 3 |  4- 6 |  7- 9 | 10-12 || total
-------------------------+-------+-------+-------+-------++-------
Melee: Scimitar          |    76 |    24 |       |     3 ||   103
       Unarmed           |    10 |       |       |       ||    10
       Long sword        |       |       |       |     3 ||     3
 Fire: Sling             |       |   148 |   142 |    24 ||   314
 Cast: Freeze            |    12 |     9 |     5 |     4 ||    30
       Frozen Ramparts   |     1 |    12 |    25 |    12 ||    50
       Foxfire           |       |     2 |     6 |       ||     8
       Scorch            |       |    10 |    81 |    28 ||   119
       Ozocubu's Armour  |       |       |    10 |       ||    10
       Teleport Other    |       |       |     2 |       ||     2
       Hailstorm         |       |       |     2 |     6 ||     8
       Summon Lightning  |       |       |    11 |    21 ||    32
  Use: Potion            |       |       |       |     1 ||     1
 Stab: Sleeping          |     2 |     3 |       |       ||     5
Armor: Robe              |    22 |    38 |    21 |     5 ||    86
       Skin              |       |       |       |     1 ||     1
Dodge: Dodged            |    77 |    89 |    92 |    66 ||   324
